 Dungeon Crawl Stone Soup version 0.32-a0-646-g91cf321817 (webtiles) character file.

Game seed: 12182581494960144871

153143 Gladio the Warrior (level 17, -1/140 HPs)
             Began as an Octopode Berserker on Mar 8, 2024.
             Was a High Priest of Trog.
             Killed by the raging water
             ... invoked by a water nymph
              (16 damage)
             ... on level 4 of the Shoals on Apr 2, 2024.
             The game lasted 01:46:14 (34615 turns).

Gladio the Warrior (Octopode Berserker)            Turns: 34615, Time: 01:46:15

Health: -1/140     AC:  7    Str: 19    XL:     17   Next: 59%
Magic:  17/17      EV: 31    Int: 15    God:    Trog [*****.]
Gold:   2137       SH: 21    Dex: 30    Spells: 16/16 levels left

rFire   + . .        e - +9 sword of Zonguldrok {reap}
rCold   + . .        N - +2 kite shield {reflect}
rNeg    + + .        m - +2 hat
rPois   .            d - amulet of reflection
rElec   .            w - ring of Qanasmur {rF+ rN+ Str+3 Int+4}
rCorr   .            B - +6 ring of dexterity
SInv    +            O - +4 ring of protection
Will    +++..        P - +6 ring of dexterity
Stlth   +++++        R - ring of protection from cold
HPRegen 0.43/turn    T - ring of see invisible
MPRegen 0.15/turn    U - ring of willpower
                     o - ring "Houqoegh" {Fly rN+ Will+ Slay+3}

%: reflection
@: on berserk cooldown, flying, slowed, studying Fighting, very slow
A: almost no armour, amphibious, 8 rings, camouflage 1, gelatinous body 1,
nimble swimmer 1, tentacles, subdued magic 1
a: Renounce Religion, Berserk, Trog's Hand, Brothers in Arms


You were on level 4 of the Shoals.
You worshipped Trog.
Trog was extremely pleased with you.
You visited 5 branches of the dungeon, and saw 27 of its levels.
You also visited: Ossuary, Bailey and Gauntlet.

You collected 2669 gold pieces.
You spent 532 gold pieces at shops.

Inventory:

Hand Weapons
 e - the +9 sword of Zonguldrok (weapon) {reap}
   (You acquired it in an ossuary)
 I - a +5 demon blade of freezing
Missiles
 i - 8 javelins
 p - 7 throwing nets
 t - 29 poisoned darts (quivered)
 E - 67 boomerangs
Armour
 m - a +2 hat (worn)
 N - a +2 kite shield of reflection (worn)
Jewellery
 d - an amulet of reflection (around mantle)
 o - the ring "Houqoegh" (on tentacle) {Fly rN+ Will+ Slay+3}
   (You acquired it on level 1 of the Orcish Mines)

   [ring of flight]

   Slay+3:    It affects your accuracy & damage with ranged weapons and melee
   (+3).
   rN+:       It protects you from negative energy.
   Will+:     It increases your willpower.
   Fly:       It grants you flight.
 w - the ring of Qanasmur (left tentacle) {rF+ rN+ Str+3 Int+4}
   (You found it on level 4 of the Dungeon)

   [ring of positive energy]

   Str+3:     It affects your strength (+3).
   Int+4:     It affects your intelligence (+4).
   rF+:       It protects you from fire.
   rN+:       It protects you from negative energy.
 B - a +6 ring of dexterity (right tentacle)
 O - a +4 ring of protection (on tentacle)
 P - a +6 ring of dexterity (on tentacle)
 R - a ring of protection from cold (on tentacle)
 T - a ring of see invisible (on tentacle)
 U - a ring of willpower (on tentacle)
 X - a ring of positive energy
Wands
 A - a wand of warping (12)
 J - a wand of flame (11)
 Q - a wand of acid (4)
 S - a wand of digging (5)
 V - a wand of paralysis (3)
 Z - a wand of polymorph (9)
Scrolls
 b - 7 scrolls of immolation
 h - 4 scrolls of noise
 j - 5 scrolls of poison
 n - 6 scrolls of enchant weapon
 x - 3 scrolls of fear
 y - 5 scrolls of silence
 z - 8 scrolls of teleportation
 F - 2 scrolls of fog
 G - 6 scrolls of revelation
 K - 3 scrolls of brand weapon
 M - 2 scrolls of blinking
 W - 2 scrolls of butterflies
Potions
 f - 3 potions of haste
 g - 14 potions of curing
 k - 2 potions of cancellation
 l - 2 potions of lignification
 r - 7 potions of enlightenment
 s - 6 potions of mutation
 u - 6 potions of heal wounds
 v - 3 potions of resistance
 C - 4 potions of ambrosia
 D - 4 potions of might
 H - a potion of magic
 L - a potion of invisibility
Miscellaneous
 a - a tin of tremorstones (2/2)
 c - a lightning rod (4/4)
 q - a phantom mirror
 Y - a phial of floods


   Skills:
 + Level 20.3 Fighting
 + Level 16.9 Long Blades
 + Level 17.0 Dodging
 - Level 3.0 Stealth
 + Level 8.8 Shields
 - Level 4.5 Evocations


You had 16 spell levels left.
You didn't know any spells.
Your spell library was empty.

Dungeon Overview and Level Annotations

Branches:
Dungeon (15/15)            Temple (1/1) D:5            Lair (5/5) D:9
 Shoals (4/4) Lair:2        Snake (0/4) Lair:2        Slime (0/5) Lair:5
    Orc (2/2) D:12            Elf (0/3) Orc:2        Vaults (0/5) D:14
 Depths (0/4) D:15        Ossuary (visited)          Bailey (visited)
Gauntlet (visited)

Altars:
Ashenzari
Cheibriados
Dithmenos
Elyvilon
Fedhas
Gozag
Hepliaklqana
Kikubaaqudgha
Makhleb
Nemelex Xobeh
Okawaru
Qazlal
Ru
Sif Muna
Trog
Uskayaw
Vehumet
Wu Jian
Xom
Yredelemnul
Zin
The Shining One
Jiyva

Shops:
D:5 ?   D:8 :   D:10 !   Orc:2 ::((   Shoals:3 *(

Portals:
Trove: D:12 (give 16 scrolls of teleportation)

Annotations:
D:7 2 transporters, xsansara's ghost, novice KoBe
Shoals:1 2 transporters, P0WERM0DE's ghost, journeyman CoCK
Orc:2 3 runed translucent doors, mojasp's ghost, journeyman DsFi


Innate Abilities, Weirdness & Mutations

You cannot wear most types of armour.
You are amphibious.
You can wear up to eight rings at the same time.
Your skin changes colour to match your surroundings (Stealth+).
Your rubbery body absorbs attacks. (AC +1, EV +1)
You are camouflaged when in or above water. (Stealth+)
You have tentacles for arms and can constrict up to eight enemies at once.
Your spells are a little easier to cast, but a little less powerful.


Message History

The water rises up and strikes you!
You swap places.
A wind drake comes into view.
The wind drake hisses angrily.
The water nymph points at you and mumbles some strange words.
The water rises up and strikes you!!
The water nymph points at you and mumbles some strange words.
The water rises up and strikes you!
The wind drake bites your merfolk impaler zombie.
Your merfolk impaler zombie barely misses the wind drake.
The wind drake flaps its wings at you. The air twists around and strikes you!!
A red film seems to cover your vision as you go berserk!
You feel yourself moving faster!
You feel mighty!
Your merfolk impaler zombie barely misses the wind drake.
The water nymph casts a spell at you. The water rises up and strikes you!!
The wind drake exhales a fierce blast of wind!
You are knocked back by the gust of wind.
Your merfolk impaler zombie is knocked back by the gust of wind.
You are too injured to fight recklessly!
You are too injured to fight recklessly!
You are too injured to fight recklessly!
You feel a strong urge to attack something.
The water nymph casts a spell at you. The water rises up and strikes you!
* * * LOW HITPOINT WARNING * * *
The wind drake flaps its wings at you. The air twists around and strikes you!!
* * * LOW HITPOINT WARNING * * *
The water nymph gestures at you while chanting.
The water rises up and strikes you!
* * * LOW HITPOINT WARNING * * *
You feel your anger nearly subside.
You are no longer berserk.
You are exhausted.
You feel yourself slow down. The water nymph casts a spell at you.
The water rises up and strikes you!
You die...

~~~..# #....~≈≈~~~.....
~~.~~.. ###..~..........
.~......# ##....#..#..~~~
#.......###.....#####.~..
#..~.~~~......#####.~~..
#.~~~~~~.).........~~~~
##....~~~~~..~~...~<~~~~
#....~~~~~~~~~~~~~~~~~~~
##..~~~~@(~≈≈≈~.†~~~~≈~~~
##..~~~~~~~~~≈~..~~~~≈≈~~~
....~~~~~~~~~~~~~~~~≈≈~~~~
~.~~~~~~~~~~~~~~~~~~~~~~~~
≈≈~~~~~~kZ~~~~~~~~~≈~~~~~≈
≈≈~~~~~~~#####~~~~~~~~~~~~
~~~~~~~Z## ##~~~~~~~~~
~.~~~~m~# ~~~ ~~~~~~~~+


You could see a wind drake (repels missiles, catching breath), a water nymph
(ally target), a friendly manticore zombie and a friendly merfolk impaler
zombie.

Vanquished Creatures
  Gastronok (D:8)
  An orc warlord (Bailey)
  2 merfolk javelineers
  8 merfolk impalers
  An ettin (Orc:2)
  An entropy weaver (shapeshifter) (D:14)
  2 rakshasas (D:15)
  Fannar (D:12)
  A great orb of eyes (Gauntlet)
  2 alligator snapping turtles
  3 hydras
  5 vault guards (D:14)
  4 ogre magi (Orc:2)
  2 merfolk aquamancers
  6 centaur warriors
  A death yak (Lair:3)
  5 boulder beetles
  15 two-headed ogres
  A merfolk avatar (Shoals:3)
  2 tengu warriors
  An occultist (D:15)
  Nergalle (D:12)
  A skeletal warrior (D:13)
  3 skysharks
  2 goliath frogs (Lair:5)
  5 sea snakes
  A deep elf archer (D:13)
  2 arcanists
  A necromancer (D:15)
  A lindwurm (Lair:3)
  An orc knight (Bailey)
  6 harpies (Shoals:3)
  6 deep elf pyromancers
  2 orc sorcerers
  Maurice (D:8)
  7 ugly things
  5 manticores
  12 fauns
  11 cyclopes
  7 elephants
  2 water nymphs
  8 slime creatures
  3 kobold blastminers
  6 merfolk sirens
  5 black mambas
  2 gargoyles
  An ice statue (D:10)
  A smoke demon (Gauntlet)
  13 cane toads
  2 unseen horrors
  A torpor snail (Lair:3)
  A yaktaur (D:13)
  2 centaur skeletons (D:15)
  3 rime drakes
  A freezing wraith (D:15)
  An efreet (D:14)
  4 tengu conjurers
  4 komodo dragons
  27 merfolk
  3 wind drakes
  4 trolls
  21 blink frogs
  A harpy skeleton (D:15)
  2 snapping turtles
  A raiju (shapeshifter) (D:15)
  9 dream sheep
  A centaur simulacrum (D:15)
  A culicivora (shapeshifter) (D:13)
  9 water elementals
  2 wyverns
  2 vampires
  A wraith (D:11)
  2 humans (D:14)
  A yak (shapeshifter) (D:15)
  Eustachio (D:5)
  A warg (Orc:1)
  32 yaks
  5 basilisks
  16 vampire mosquitoes
  Edmund (D:4)
  2 swamp worms (Gauntlet)
  2 nagas (Lair:2)
  A two-headed ogre zombie (D:11)
  3 acid dragons
  14 water moccasins
  4 black bears
  2 sky beasts
  12 orc warriors
  3 ice beasts
  13 wolves
  21 ogres
  18 centaurs
  A weeping skull (Ossuary)
  3 kobold brigands
  12 bullfrogs
  2 gnoll sergeants
  2 scorpions
  5 water moccasin zombies (Ossuary)
  11 killer bees
  5 howler monkeys
  2 crimson imps (Gauntlet)
  4 jellies
  2 hounds (D:5)
  16 orc priests
  A bombardier beetle (D:4)
  A sleepcap (D:5)
  An iguana (D:5)
  24 orc wizards
  7 hell rats
  Terence (D:3)
  A crocodile zombie (Ossuary)
  A bullfrog simulacrum (Ossuary)
  2 mummies (Ossuary)
  14 gnolls
  8 adders
  2 shadow imps (D:6)
  2 ufetubi (D:6)
  2 adder zombies (Ossuary)
  2 ribbon worms (D:4)
  2 dart slugs (D:1)
  38 orcs
  An endoplasm (D:2)
  3 giant cockroaches
  14 goblins
  7 hobgoblins
  28 kobolds
  2 quokkas
  2 ball pythons
  3 bats
  A frilled lizard (D:3)
  10 gnoll zombies (Ossuary)
  4 jackal zombies (Ossuary)
  2 orc zombies
  A rat (D:2)
690 creatures vanquished.

Vanquished Creatures (collateral kills)
  Jorgrun (Shoals:3)
  A kraken (Shoals:2)
  A minotaur (Gauntlet)
  3 merfolk impalers
  2 centaur warriors (D:13)
  A vault guard (D:14)
  2 hydras
  2 merfolk aquamancers (Shoals:2)
  A death yak (Lair:3)
  A two-headed ogre (Orc:1)
  A skyshark (Lair:5)
  A fire crab (Lair:5)
  2 sea snakes
  A harpy (Shoals:3)
  2 lindwurms (Lair:3)
  An orc knight (Bailey)
  A deep elf pyromancer (D:15)
  2 manticores (Shoals:3)
  3 fauns
  7 elephants
  3 ugly things
  5 merfolk sirens
  3 black mambas
  A torpor snail (Lair:3)
  A water nymph (Shoals:2)
  3 cane toads
  An efreet (D:13)
  3 komodo dragons
  3 merfolk
  A tyrant leech (Lair:4)
  3 snapping turtles
  6 blink frogs
  A slime creature (D:13)
  2 wyverns
  A water elemental (Shoals:2)
  6 yaks
  A basilisk (Lair:4)
  A vampire mosquito (Lair:5)
  A swamp worm (Gauntlet)
  A water moccasin (Lair:3)
  An orc warrior (Orc:2)
  A centaur (D:15)
  2 ogres (Orc:2)
  2 bullfrogs (Lair:4)
  A killer bee (D:9)
  An orc priest (Orc:2)
  2 jellies
  An orc wizard (D:6)
  A hell rat (Lair:2)
  An adder (D:5)
  13 orcs
  3 kobolds (D:9)
112 creatures vanquished.

Vanquished Creatures (others)
  A vault guard (D:14)
  A goliath frog zombie (Lair:5)
  An unseen horror (D:13)
  A sea snake zombie (Shoals:2)
  An unseen horror zombie (D:11)
  A kobold demonologist (D:13)
  4 harpy zombies (Shoals:3)
  A human zombie (D:14)
  2 boulder beetle zombies
  2 black mamba zombies
  2 humans (D:14)
  2 two-headed ogre zombies
  6 merfolk zombies (Shoals:2)
  2 cane toad zombies (Lair:5)
  5 blink frog zombies (Lair:5)
  An elephant zombie (Lair:2)
  A rime drake zombie (Lair:3)
  2 komodo dragon zombies (Lair:5)
  A yaktaur zombie (D:13)
  A wyvern zombie (Lair:1)
  4 water moccasin zombies (Lair:5)
  A tengu zombie (D:15)
  6 yak zombies
  A troll zombie (D:13)
  A wolf zombie (Lair:4)
  13 centaur zombies
  A bullfrog zombie (Lair:5)
  2 basilisk zombies
  An orc wizard (Orc:2)
  A scorpion zombie (Lair:2)
  3 killer bee zombies
  A naga zombie (Lair:2)
  5 ogre zombies (Orc:2)
  An acid dragon zombie (D:8)
  A howler monkey zombie (D:10)
  3 hell rat zombies
  2 jelly zombies (Lair:5)
  An adder zombie (D:5)
  An orc (D:8)
  A gnoll zombie (D:13)
  A goblin zombie (Bailey)
  10 kobold zombies
  31 orc zombies
  4 tentacles (Shoals:2)
134 creatures vanquished.

Grand Total: 936 creatures vanquished

Notes
Turn   | Place    | Note
-------+----------+-------------------------------------------
     0 | D:1      | Gladio the Octopode Berserker began the quest for the Orb.
     0 | D:1      | Reached XP level 1. HP: 16/16 MP: 1/1
   287 | D:1      | Reached XP level 2. HP: 21/21 MP: 2/2
  1086 | D:2      | Reached XP level 3. HP: 26/26 MP: 3/3
  1200 | D:2      | Reached skill level 1 in Stealth
  1559 | D:2      | Found a shimmering blue altar of Sif Muna.
  1606 | D:3      | Noticed Terence
  1616 | D:3      | Killed Terence
  1617 | D:3      | Reached XP level 4. HP: 33/33 MP: 4/4
  1722 | D:3      | Reached skill level 4 in Fighting
  1827 | D:3      | Reached ** piety under Trog
  1828 | D:3      | Reached XP level 5. HP: 34/38 MP: 5/5
  2491 | D:4      | Noticed a black bear
  2511 | D:4      | Killed a black bear
  2512 | D:4      | Reached skill level 5 in Fighting
  2512 | D:4      | Reached XP level 6. HP: 46/46 MP: 6/6
  2670 | D:4      | Found a sand-covered staircase.
  2678 | Ossuary  | Entered an ossuary
  2714 | Ossuary  | Reached skill level 6 in Fighting
  2904 | Ossuary  | Reached skill level 7 in Fighting
  2904 | Ossuary  | Reached XP level 7. HP: 40/54 MP: 7/7
  3151 | Ossuary  | Reached skill level 8 in Fighting
  3266 | Ossuary  | Identified a scroll of acquirement
  3271 | Ossuary  | Acquired the +9 sword of Zonguldrok {reap}
  3271 | Ossuary  | Found the +9 sword of Zonguldrok {reap}
  3539 | D:4      | Identified the ring of Qanasmur {rF+ rN+ Str+3 Int+4}
  3614 | D:4      | Noticed Edmund
  3623 | D:4      | Killed Edmund
  3769 | D:5      | Entered Level 5 of the Dungeon
  3780 | D:5      | Reached XP level 8. HP: 61/61 MP: 8/8
  3868 | D:5      | Reached skill level 5 in Long Blades
  3875 | D:5      | Found Migaho's Magic Scroll Emporium.
  3881 | D:5      | Bought a scroll of fear for 44 gold pieces
  3881 | D:5      | Bought a scroll of identify for 22 gold pieces
  3881 | D:5      | Bought a scroll of teleportation for 33 gold pieces
  3954 | D:5      | Found a staircase to the Ecumenical Temple.
  4019 | D:5      | Bought a scroll of teleportation for 33 gold pieces
  4065 | D:5      | Bought a scroll of silence for 104 gold pieces
  4356 | D:5      | Noticed Eustachio
  4372 | D:5      | Killed Eustachio
  4520 | Temple   | Entered the Ecumenical Temple
  4546 | D:6      | Reached skill level 5 in Dodging
  4910 | D:6      | Reached *** piety under Trog
  5001 | D:6      | Reached XP level 9. HP: 66/66 MP: 9/9
  5232 | D:6      | Found a white marble altar of Elyvilon.
  5232 | D:6      | Found a shimmering blue altar of Sif Muna.
  5298 | D:7      | Found a flagged portal.
  5309 | Bailey   | Entered a bailey
  5341 | Bailey   | Noticed an orc warlord
  5430 | Bailey   | Found a runed translucent gate.
  5431 | Bailey   | Found a runed translucent gate.
  5432 | Bailey   | Found a runed translucent gate.
  5432 | Bailey   | Noticed an orc knight
  5436 | Bailey   | Noticed an orc knight
  5550 | Bailey   | Reached skill level 1 in Evocations
  5634 | Bailey   | Killed an orc knight
  5707 | Bailey   | Killed an orc knight
  5950 | Bailey   | Killed an orc warlord
  5951 | Bailey   | Reached XP level 10. HP: 72/72 MP: 10/10
  6186 | D:7      | Found a transporter.
  6187 | D:7      | Found a transporter.
  6210 | D:7      | Reached skill level 10 in Long Blades
  6405 | D:7      | Noticed a moth of wrath
  6409 | D:7      | Found a bloodstained altar of Trog.
  6482 | D:7      | Noticed xsansara's ghost (novice KoBe)
  6532 | D:7      | You fall into a shaft and drop 2 floors!
  6773 | D:9      | Reached **** piety under Trog
  6814 | D:9      | Found a hide-covered altar of Uskayaw.
  6821 | D:9      | Found a staircase to the Lair.
  7320 | D:9      | Noticed a two-headed ogre
  7326 | D:9      | Killed a two-headed ogre
  7693 | D:8      | Reached ***** piety under Trog
  8365 | D:8      | Found Joasul's Book Shoppe.
  8365 | D:8      | Noticed a walking earthen tome
  8367 | D:8      | Noticed a walking earthen tome
  8552 | D:8      | Noticed Gastronok
  8742 | D:8      | Noticed Maurice
  9027 | D:10     | Entered Level 10 of the Dungeon
  9078 | D:10     | Noticed a two-headed ogre
  9303 | D:10     | Noticed a two-headed ogre
  9341 | D:10     | Killed a two-headed ogre
  9342 | D:10     | Reached XP level 11. HP: 77/77 MP: 11/11
  9468 | D:10     | Killed a two-headed ogre
 10043 | D:10     | Found Nedd's Distillery.
 10056 | D:10     | Bought a potion of heal wounds for 60 gold pieces
 10056 | D:10     | Bought a potion of invisibility for 96 gold pieces
 10056 | D:10     | Bought a potion of heal wounds for 60 gold pieces
 10243 | Lair:1   | Entered Level 1 of the Lair of Beasts
 10403 | Lair:1   | Received a gift from Trog
 10933 | Lair:1   | Reached skill level 9 in Fighting
 11219 | Lair:1   | Reached skill level 10 in Dodging
 11537 | Lair:2   | Found a staircase to the Snake Pit.
 11983 | Lair:2   | Noticed an eight-headed hydra
 11990 | Lair:2   | Killed an eight-headed hydra
 11991 | Lair:2   | Reached skill level 10 in Fighting
 11994 | Lair:2   | Reached XP level 12. HP: 83/87 MP: 12/12
 12397 | Lair:2   | Reached skill level 11 in Fighting
 12764 | Lair:2   | Found a staircase to the Shoals.
 13438 | Lair:3   | Reached skill level 12 in Fighting
 13603 | Lair:3   | Noticed a death yak
 13618 | Lair:3   | Killed a death yak
 13879 | Lair:3   | Noticed a death yak
 13886 | Lair:3   | Killed a death yak
 14202 | Lair:3   | Reached XP level 13. HP: 98/98 MP: 13/13
 14227 | Lair:3   | Found a runed translucent door.
 14619 | Lair:3   | Reached skill level 13 in Fighting
 15539 | Lair:4   | Identified the +9 dagger "Louf" {holy, Int+3}
 15960 | Lair:5   | Entered Level 5 of the Lair of Beasts
 15973 | Lair:4   | Reached skill level 14 in Fighting
 16033 | Lair:5   | Found a staircase to the Slime Pits.
 16049 | Lair:5   | Found a gate leading to a gauntlet.
 16059 | Gauntlet | Entered a Gauntlet
 16059 | Gauntlet | Found a runed translucent door.
 16059 | Gauntlet | Found a transporter.
 16059 | Gauntlet | Found a runed translucent door.
 16059 | Gauntlet | Found a transporter.
 16070 | Gauntlet | Found a transporter.
 16074 | Gauntlet | Found a transporter.
 16082 | Gauntlet | Found a transporter.
 16087 | Gauntlet | Found a transporter.
 16096 | Gauntlet | Found a transporter.
 16096 | Gauntlet | Noticed a dire elephant
 16112 | Gauntlet | Found a runed translucent door.
 16114 | Gauntlet | Found a transporter.
 16116 | Gauntlet | Noticed a great orb of eyes
 16117 | Gauntlet | Found a runed translucent door.
 16131 | Gauntlet | Found a transporter.
 16135 | Gauntlet | Found a transporter.
 16147 | Gauntlet | Found a transporter.
 16148 | Gauntlet | Found a transporter.
 16375 | Gauntlet | Killed a great orb of eyes
 16424 | Gauntlet | Identified the +4 helmet "Hiylidut" {Int+5}
 16435 | Gauntlet | Noticed a minotaur
 16440 | Gauntlet | Killed a minotaur
 16534 | Gauntlet | Identified the +0 ring mail of the Jackfruit {rPois rN+
                  | Int+3}
 16537 | Gauntlet | Identified the scarf of Impermeability {harm, -Cast ^Drain
                  | Regen+ Dex+5}
 17046 | Lair:5   | Reached skill level 15 in Long Blades
 17352 | Lair:5   | Reached XP level 14. HP: 26/108 MP: 14/14
 18433 | Lair:5   | Received a gift from Trog
 18860 | Lair:5   | Reached skill level 15 in Fighting
 19011 | Lair:5   | Found a viscous altar of Jiyva.
 19695 | D:8      | Killed Gastronok
 20043 | D:8      | Killed Maurice
 21170 | D:12     | Found a staircase to the Orcish Mines.
 21171 | D:12     | Noticed Fannar
 21178 | D:12     | Killed Fannar
 21179 | D:12     | Noticed Nergalle
 21197 | D:12     | Killed Nergalle
 21209 | Orc:1    | Entered Level 1 of the Orcish Mines
 21209 | Orc:1    | Found a bloodstained altar of Trog.
 21212 | Orc:1    | Found the +4 robe of Folly {Brill Will-∞ Int+8}
 21561 | Orc:2    | Entered Level 2 of the Orcish Mines
 21561 | Orc:2    | Found a runed translucent gate.
 21561 | Orc:2    | Found a runed translucent gate.
 21561 | Orc:2    | Found a runed translucent gate.
 21828 | Orc:2    | Received a gift from Trog
 22012 | Orc:2    | Reached XP level 15. HP: 107/117 MP: 15/15
 22073 | Orc:2    | Reached skill level 16 in Fighting
 22126 | Orc:2    | Found Peask's Book Shop.
 22126 | Orc:2    | Found Wetium's Book Emporium.
 22129 | Orc:2    | Found Qoweapp's Weapon Shoppe.
 22129 | Orc:2    | Found Haufask's Weapon Shop.
 22151 | Orc:2    | Paralysed by an ogre mage for 4 turns
 22691 | Orc:2    | Noticed mojasp's ghost (journeyman DsFi)
 22889 | Orc:2    | Found a staircase to the Elven Halls.
 22890 | Orc:2    | Gained mutation: Your spells are a little easier to cast,
                  | but a little less powerful. [a neqoxec]
 22891 | Orc:2    | Received a gift from Trog
 23349 | Orc:1    | Acquired a +5 demon blade of freezing
 23350 | Orc:1    | Acquired a manual of Fighting
 23408 | D:12     | Found a portal to a secret trove of treasure.
 23916 | D:12     | Identified the +4 morningstar of the Hurtling Hero {drain,
                  | ^Fragile rElec rC++ Will+}
 24271 | D:12     | Reached skill level 17 in Fighting
 24833 | D:13     | Reached skill level 15 in Dodging
 25339 | D:13     | Received a gift from Trog
 26099 | D:14     | Reached skill level 18 in Fighting
 26099 | D:14     | Reached skill level 1 in Shields
 26169 | D:14     | Found a faded altar of an unknown god.
 26180 | D:14     | Reached XP level 16. HP: 110/128 MP: 16/16
 26536 | D:14     | Acquired the ring "Houqoegh" {Fly rN+ Will+ Slay+3}
 27254 | D:14     | Found a gate to the Vaults.
 27733 | D:15     | Entered Level 15 of the Dungeon
 27838 | D:15     | Found an iron altar of Okawaru.
 28353 | D:15     | Received a gift from Trog
 28425 | D:15     | Reached skill level 5 in Shields
 28900 | D:15     | Found a staircase to the Depths.
 29177 | Shoals:1 | Entered Level 1 of the Shoals
 29569 | Shoals:1 | Reached skill level 19 in Fighting
 29961 | Shoals:1 | Identified the +3 dagger of Wrath {holy, rPois rF+ rC+
                  | Dex-2}
 30615 | Shoals:1 | Found a transporter.
 30617 | Shoals:1 | Found a transporter.
 31157 | Shoals:1 | Noticed P0WERM0DE's ghost (journeyman CoCK)
 31373 | Shoals:2 | Reached XP level 17. HP: 97/137 MP: 17/17
 31697 | Shoals:2 | Received a gift from Trog
 32403 | Shoals:2 | Noticed a kraken
 32416 | Shoals:2 | Killed a kraken
 32720 | Shoals:3 | Reached skill level 20 in Fighting
 32721 | Shoals:3 | Found Dietius's General Store.
 32858 | Shoals:3 | Bought a scroll of poison for 80 gold pieces
 32954 | Shoals:1 | Noticed a kraken
 33825 | Shoals:3 | Noticed Jorgrun
 33837 | Shoals:3 | Killed Jorgrun
 34114 | Shoals:3 | Found Yfoschoy's Weapon Emporium.
 34281 | Shoals:4 | Entered Level 4 of the Shoals
 34615 | Shoals:4 | Killed from afar by a water nymph

Illustrated notes

Levels and vault maps discovered:
D:1:      minmay_arrival_semitransparent, layout_loops_corners
D:2:      layout_loops_corners, basic_altar, minmay_cut_off
D:3:      layout_basic, uniq_terence
D:4:      layout_basic, chequers_ossuary_entry_cave, skrybe_limestone_x,
          uniq_edmund
D:5:      cheibrodos_helix_gallery, layout_cave_pools,
          minmay_temple_entry_large_hall, serial_shops, shop, hex_large,
          kennysheep_generic_room_16, uniq_eustachio
D:6:      layout_rooms, gammafunk_temple_overflow_pools
D:7:      layout_basic, gammafunk_ghost_wrathful_warriors, enter_bailey_3
D:8:      layout_basic, serial_shops, nicolae_shop_mannequins,
          minmay_starry_boxes, uniq_maurice, uniq_gastronok
D:9:      layout_irregular_city, old_standard_altar, lair_entry_dummy,
          serial_rivers, chequers_serial_rivers_micro_a,
          chequers_serial_rivers_small_3, chequers_serial_rivers_micro_c,
          chequers_serial_rivers_large_b, chequers_serial_rivers_micro_b
D:10:     lemuel_ice_statue, layout_loops_ring, serial_shops, shop_coins
D:11:     layout_basic, lemuel_nasty_fountain
D:12:     layout_gridville, orc_0_dummy, enter_trove_1, uniq_nergalle,
          uniq_fannar
D:13:     hangedman_cross_cluster, layout_small_grid
D:14:     layout_stronghold, ximxim_vaults_locker_room, serial_column_ruins,
          column_ruins_temple_hall, column_ruins_hut,
          column_ruins_corridor_dead_end, column_ruins_columns_straight,
          column_ruins_open_small, column_ruins_grid_2, column_ruins_open_small
D:15:     grunt_enter_depths_magical_seal, layout_gridville,
          okawaru_ov_weapons_minmay
Temple:   hellmonk_temple_of_storms
Lair:1:   layout_roguey, fungi_pond_lemuel
Lair:2:   layout_small_grid, minmay_shoals_entry_lonely_mermaid,
          guppyfry_snake_entry_garden, serial_bayou_shore_b, lemuel_fruit_fields
Lair:3:   gammafunk_lair_enchanted_lake, layout_gridlike,
          nicolae_quartered_pool_super
Lair:4:   layout_cave_pods, grunt_megastairs_3
Lair:5:   minmay_lair_end_frog_pond, layout_layer_cave,
          nicolae_slime_entry_field_trip, gauntlet_entry_generic
Shoals:1: layout_shoals, ebering_ghost_davey_jones, nicolae_shoals_mertower
Shoals:2: layout_shoals, nicolae_shoals_water_booths
Shoals:3: layout_shoals, serial_shops, nicolae_shop_tiny_waterfront,
          nicolae_shoals_c_island, uniq_jorgrun
Shoals:4: shoals_end_simple, layout_shoals, uniq_roxanne, uniq_polyphemus
Orc:1:    layout_caves, basic_altar, dreamdust_deal_with_the_devil
Orc:2:    st_orc_ogre_mass, layout_caves, gammafunk_ghost_necromancy

Skill      XL: |  1  2  3  4  5  6  7  8  9 10 11 12 13 14 15 16 17 |
---------------+----------------------------------------------------+-----
Stealth        | 1 2 3 |  3.0
Fighting       | 4 5 7 8 10 12 14 15 18 19 20 | 20.3
Long Blades    | 4 7 9 12 13 15 16 | 16.9
Dodging        | 5 7 8 10 11 13 15 16 17 | 17.0
Evocations     | 4 |  4.5
Shields        | 1 7 8 |  8.8

Action                     |  1- 3 |  4- 6 |  7- 9 | 10-12 | 13-15 | 16-18 || total
---------------------------+-------+-------+-------+-------+-------+-------++-------
  Melee: Falchion          |    14 |       |       |       |       |       ||    14
         Constrict         |    17 |    30 |    30 |    42 |   101 |    99 ||   319
         Tentacles         |     9 |    23 |    29 |    77 |   206 |   145 ||   489
         Dagger            |    37 |    90 |    18 |       |       |       ||   145
         Long sword        |       |     2 |    18 |       |       |       ||    20
         Double sword      |       |       |   105 |   291 |   630 |   394 ||  1420
         Scimitar          |       |       |       |       |     3 |       ||     3
  Throw: Dart              |       |       |     8 |    16 |    61 |    38 ||   123
         Boomerang         |       |       |    12 |     2 |       |       ||    14
 Invoke: Berserk           |     1 |     2 |     2 |     3 |     6 |     6 ||    20
         Trog's Hand       |       |       |       |     2 |       |     1 ||     3
         Brothers in Arms  |       |       |       |     1 |     5 |     1 ||     7
  Evoke: Wand              |       |       |     3 |       |     5 |     2 ||    10
         Lightning rod     |       |       |       |       |     4 |       ||     4
    Use: Scroll            |     5 |       |    11 |     9 |    11 |     5 ||    41
         Potion            |       |     1 |     2 |     2 |     2 |     1 ||     8
   Stab: Sleeping          |     7 |     9 |    14 |     9 |    14 |     6 ||    59
         Distracted        |       |       |     1 |     7 |    11 |    10 ||    29
 Armour: Skin              |    13 |    39 |    65 |   127 |   216 |   161 ||   621
  Dodge: Dodged            |    32 |    39 |    88 |   217 |   555 |   363 ||  1294
  Block: Kite shield       |       |       |       |       |    14 |   354 ||   368
         Reflection        |       |       |       |       |       |    36 ||    36
         Form:             |       |       |       |     1 |       |       ||     1
         Beast             |       |       |       |     1 |       |       ||     1

Table legend: (Time is in decaauts)
 A = Elapsed time spent in this place.
 B = Non-inter-level travel time spent in this place.
 C = Inter-level travel time spent in this place.
 D = Time resting spent in this place.
 E = Time spent auto-exploring this place.
 F = Levels seen in this place.
 G = Mean time per level.
                   A        B        C        D        E       F      G
               +--------+--------+--------+--------+--------+-----+--------+
         Total |  34563 |  31494 |   3069 |    122 |  26194 |  30 | 1152.1 |
       Dungeon |  16515 |  14748 |   1767 |     34 |  12504 |  15 | 1101.0 |
        Temple |      1 |      1 |      0 |      0 |      0 |   1 |    1.0 |
          Lair |   9162 |   8448 |    714 |      0 |   7354 |   5 | 1832.4 |
        Shoals |   4805 |   4338 |    467 |      0 |   3685 |   4 | 1201.2 |
  Orcish Mines |   2167 |   2048 |    119 |      0 |   1701 |   2 | 1083.5 |
       Ossuary |    606 |    606 |      0 |     42 |    359 |   1 |  606.0 |
        Bailey |    772 |    772 |      0 |     46 |    240 |   1 |  772.0 |
      Gauntlet |    532 |    532 |      0 |      0 |    349 |   1 |  532.0 |
               +--------+--------+--------+--------+--------+-----+--------+

Top non-repeatable levels by time:
  Lair:4: 2347 daAuts
    D:13: 1874 daAuts
Shoals:1: 1830 daAuts
  Lair:3: 1798 daAuts
  Lair:1: 1703 daAuts
  Lair:2: 1688 daAuts
  Lair:5: 1624 daAuts
    D:14: 1615 daAuts
     D:8: 1538 daAuts
Shoals:2: 1532 daAuts
     D:9: 1361 daAuts
Shoals:3: 1233 daAuts
    D:15: 1231 daAuts
   Orc:1: 1104 daAuts
    D:10: 1094 daAuts
